[Event "RUS-chT Premier 2021"]
[White "Askerov,Marat"]
[Black "Murzin,Volodar"]
[WhiteTeam "СШОР"]
[BlackTeam "Гоголевский, 14"]
[Site "Sochi"]
[Round "3.10"]
[Annotator "ChessBase"]
[Result "0-1"]
[Date "2021.05.03"]
[WhiteElo "2353"]
[BlackElo "2478"]
[PlyCount "94"]
[TimeControl "60"]

1. d4 Nf6 2. c4 g6 3. Nf3 Bg7 4. g3 0-0 5. Bg2 d6 6. 0-0 Nbd7 7. Nc3 e5 8. e4 a6 9. Re1 exd4 10. Nxd4 Ng4 11. Qxg4 Bxd4 12. Qe2 Ne5 13. Bh6 Ng4 14. Bxf8 Bxf2+ 15. Kh1 Bxe1 16. Rxe1 Kxf8 17. e5 Nxe5 18. c5 Bf5 19. Qd2 Kg7 20. Qd4 Rb8 21. Rd1 b6 22. cxb6 cxb6 23. Nd5 Be6 24. Nb4 Rc8 25. Nc6 Qf6 26. Qxd6 Nc4 27. Qd4 Nxb2 28. Qxf6+ Kxf6 29. Rd4 Nc4 30. Kg1 a5 31. Kf2 Ne5 32. Rf4+ Bf5 33. Nxe5 Kxe5 34. Ke1 Rc2 35. Rf2 Rxf2 36. Kxf2 Be4 37. Bf1 g5 38. Bb5 f5 39. a4 f4 40. gxf4+ Kxf4 41. Be8 g4 42. Ke2 Bg6 43. Bxg6 hxg6 44. Kf2 Kg5 45. Kg3 Kh5 46. Kf2 Kh4 47. Kg2 g5 0-1

[Event "RUS-chT Premier 2021"]
[White "Savchenko,Boris"]
[Black "Saveliev,Alexei"]
[WhiteTeam "Гоголевский, 14"]
[BlackTeam "СШОР"]
[Site "Sochi"]
[Round "3.11"]
[Annotator "ChessBase"]
[Result "1-0"]
[Date "2021.05.03"]
[WhiteElo "2552"]
[BlackElo "2358"]
[PlyCount "65"]
[TimeControl "60"]

1. c4 c5 2. Nf3 Nf6 3. d4 cxd4 4. Nxd4 b6 5. Nc3 Bb7 6. f3 e6 7. e4 d6 8. Be3 Be7 9. Qd2 0-0 10. g4 Nc6 11. 0-0-0 a6 12. Kb1 Rc8 13. Be2 Qc7 14. Rc1 Qb8 15. g5 Nd7 16. h4 Rfd8 17. h5 Nf8 18. h6 g6 19. Nd5 exd5 20. Nxc6 Bxc6 21. cxd5 Bxd5 22. exd5 Nd7 23. Bxa6 Rxc1+ 24. Rxc1 b5 25. Qa5 Nc5 26. Bxb5 Qc8 27. Bd3 Qh3 28. Qc3 f6 29. gxf6 Bf8 30. Bg5 Kf7 31. b4 Rb8 32. Ka1 Nd7 33. f4 1-0

[Event "RUS-chT Premier 2021"]
[White "Timerkhanov,Alexander"]
[Black "Gluhovsky,Mark"]
[WhiteTeam "СШОР"]
[BlackTeam "Гоголевский, 14"]
[Site "Sochi"]
[Round "3.12"]
[Annotator "ChessBase"]
[Result "1/2-1/2"]
[Date "2021.05.03"]
[WhiteElo "2400"]
[BlackElo "2271"]
[PlyCount "118"]
[TimeControl "60"]

1. d4 Nf6 2. Bg5 g6 3. Bxf6 exf6 4. e3 d5 5. g3 c6 6. Bg2 h5 7. h4 Bg4 8. Ne2 Nd7 9. Nd2 Nb6 10. b3 Bd6 11. f3 Be6 12. Kf2 Qc7 13. a4 a5 14. Rc1 Ba3 15. Rb1 Bd6 16. Bh3 Qd7 17. Qf1 0-0 18. Qg2 Bxh3 19. Qxh3 f5 20. Rbg1 Rae8 21. Nf1 Qe6 22. g4 hxg4 23. fxg4 f4 24. Qf3 fxe3+ 25. Nxe3 Qe4 26. Rh3 c5 27. c3 c4 28. Qxe4 Rxe4 29. bxc4 Nxc4 30. Nxd5 Kg7 31. h5 Rfe8 32. Nc1 Bf4 33. h6+ Kh8 34. Nf6 Re3 35. Rf3 Rxf3+ 36. Kxf3 Re6 37. Ne4 Be3 38. Re1 f5 39. Nc5 Re7 40. N1d3 b6 41. Nb3 fxg4+ 42. Kxg4 Kh7 43. Na1 Rf7 44. Ne5 Nxe5+ 45. dxe5 Bd2 46. Re4 Bxc3 47. e6 Re7 48. Nc2 Bd2 49. Rd4 Bxh6 50. Rd7 Bf8 51. Nd4 Rxd7 52. exd7 Be7 53. Nc6 Bf6 54. d8=Q Bxd8 55. Nxd8 Kg7 56. Kg5 Kf8 57. Nc6 Kf7 58. Nd4 Ke7 59. Nb5 Ke6 1/2-1/2

[Event "RUS-chT Premier 2021"]
[White "Babakekhyan,Artem"]
[Black "Makhmutov,Rail"]
[WhiteTeam "Киммерия"]
[BlackTeam "Ладья"]
[Site "Sochi"]
[Round "3.16"]
[Annotator "ChessBase"]
[Result "1/2-1/2"]
[Date "2021.05.03"]
[WhiteElo "2214"]
[BlackElo "2450"]
[PlyCount "53"]
[TimeControl "60"]

1. Nf3 d5 2. g3 Nf6 3. Bg2 c5 4. 0-0 e6 5. d4 cxd4 6. Nxd4 e5 7. Nb3 Be6 8. Bg5 Nbd7 9. e4 dxe4 10. Nc3 Be7 11. Nxe4 Nxe4 12. Bxe7 Qxe7 13. Bxe4 Rb8 14. Qd3 h6 15. Rad1 0-0 16. Qd6 Qxd6 17. Rxd6 Rfc8 18. c3 Kf8 19. Rfd1 Ke7 20. R6d3 Nb6 21. Na5 Rc7 22. Bg2 f5 23. Re3 Kf6 24. Rd6 Ke7 25. Rd1 Kf6 26. Rde1 Nd7 27. Rd1 1/2-1/2

[Event "RUS-chT Premier 2021"]
[White "Samusenko,Maksim"]
[Black "Pervakov,Sergey"]
[WhiteTeam "Ладья"]
[BlackTeam "Киммерия"]
[Site "Sochi"]
[Round "3.17"]
[Annotator "ChessBase"]
[Result "1-0"]
[Date "2021.05.03"]
[WhiteElo "2467"]
[BlackElo "2056"]
[PlyCount "107"]
[TimeControl "60"]

1. e4 e5 2. Nf3 Nc6 3. Nc3 Nf6 4. Bb5 Bb4 5. 0-0 0-0 6. Bxc6 dxc6 7. d3 Nd7 8. Ne2 Re8 9. Ng3 Nf8 10. Be3 Bd6 11. Nd2 Ng6 12. Nf5 Qf6 13. Qf3 Nh4 14. Nxh4 Qxh4 15. Qe2 Be6 16. f3 Rad8 17. Qf2 Qxf2+ 18. Rxf2 b6 19. a4 a5 20. Kf1 f6 21. h4 Bf7 22. Ke2 Rd7 23. g4 g6 24. Nf1 Be6 25. Ng3 Bf8 26. Rg2 Bg7 27. Bd2 c5 28. b3 Kf8 29. Bc3 Rf7 30. Rf1 Ke7 31. Ke1 Kd6 32. Ne2 Bd7 33. f4 exf4 34. Nxf4 c4 35. bxc4 Bxa4 36. Kd1 Bh6 37. Nd5 Ke6 38. Rgf2 Ref8 39. Nxf6 Bg7 40. g5 Bxf6 41. gxf6 c5 42. Kd2 Bc6 43. Kc1 Rb7 44. Kb2 Be8 45. Ka3 b5 46. cxb5 Rxb5 47. Rg2 h6 48. f7 Bxf7 49. Rf6+ Ke7 50. Rgf2 Rb7 51. Bd2 g5 52. hxg5 hxg5 53. Bxg5 Ke8 54. Rd6 1-0